 Dungeon Crawl Stone Soup version 0.30.1-11-g7821555f0a (webtiles) character file.

Game seed: 14781330035535424397

36 Fortress the Grave Robber (level 3, 0/25 HPs)
             Began as a Demonspawn Necromancer on Jan 10, 2024.
             Slain by a gnoll
             ... wielding a +0 spear
              (4 damage)
             ... on level 2 of the Dungeon.
             The game lasted 00:06:14 (1541 turns).

Fortress the Grave Robber (Demonspawn Necromancer)  Turns: 1541, Time: 00:06:15

Health: 0/25       AC:  3    Str:  8    XL:     3   Next: 19%
Magic:  7/15       EV: 11    Int: 18    God:
Gold:   19         SH:  0    Dex: 13    Spells: 5/6 levels left

rFire   + . .        g - +0 dagger (pain)
rCold   x . .        (no shield)
rNeg    . . .        c - +0 leather armour
rPois   .            (no helmet)
rElec   .            (no cloak)
rCorr   .            (no gloves)
SInv    .            (no boots)
Will    .....        (no amulet)
Stlth   ++           e - ring of fire
HPRegen 0.24/turn    h - ring of magical power
MPRegen 0.14/turn

%: no passive effects
@: no status effects
A: ignite blood 1, powered by death 1
a: no special abilities


You were on level 2 of the Dungeon.
You visited 1 branch of the dungeon, and saw 2 of its levels.

You collected 41 gold pieces.
You spent 22 gold pieces at shops.

Inventory:

Hand Weapons
 g - a +0 dagger of pain (weapon)
Missiles
 a - 6 curare-tipped darts
Armour
 c - a +0 leather armour (worn)
Jewellery
 e - a ring of fire (left hand)
 h - a ring of magical power (right hand)
Scrolls
 d - 7 scrolls of identify
 f - a scroll of noise
Potions
 b - a potion of magic


   Skills:
 + Level 0.4 Fighting
 + Level 1.7 Dodging
 + Level 1.9 Stealth
 + Level 2.3 Spellcasting
 + Level 5.2 Necromancy


You had 5 spell levels left.
You knew the following spells:

 Your Spells              Type           Power      Damage    Failure   Level
a - Necrotise             Necr           80%        1d8       3%          1

Your spell library contained the following spells:

 Spells                   Type           Power      Damage    Failure   Level
 Vampiric Draining        Necr           20%        2d7       9%          3
 Beastly Appendage        Tmut           4%         N/A       26%         1
 Animate Dead             Necr           20%        N/A       30%         4
 Wereblood                Tmut           2%         N/A       36%         2
 Spider Form              Tmut/Pois      2%         N/A       58%         3
 Agony                    Necr           20%        N/A       63%         5


Dungeon Overview and Level Annotations

Branches:
Dungeon (2/15)

Altars:

Shops:
D:1 ?


Innate Abilities, Weirdness & Mutations

Your demonic aura sometimes causes spilled blood to erupt in flames.
You regenerate a little health from kills.


Message History

The gnoll writhes in agony.
You kill the gnoll!
The dead are walking!
You have reached level 3!
Your experience leads to an increase in your attributes!
Increase (S)trength, (I)ntelligence, or (D)exterity?
You feel clever. x2; Your demonic ancestry asserts itself...
A wave of death washes over you.
Casting: Necrotise (safe; 3% risk of failure)
Confirm with . or Enter, or press ? or * to list all spells.
Aiming: Necrotise (safe; 3% risk of failure)
Press: ? - help, Shift-Dir - straight line, f - gnoll
Aim: a gnoll, wielding a +0 spear (ally target, chance to affect: 84%)
The gnoll writhes in agony.
The gnoll hits you from afar with a +0 spear.
Casting: Necrotise (safe; 3% risk of failure)
Confirm with . or Enter, or press ? or * to list all spells.
Aiming: Necrotise (safe; 3% risk of failure)
Press: ? - help, Shift-Dir - straight line, f/p - gnoll
Aim: a gnoll, wielding a +0 spear (lightly wounded, ally target, chance to affect: 84%)
The gnoll writhes in agony.
Your gnoll skeleton barely misses the gnoll.
The gnoll hits you from afar with a +0 spear.
* * * LOW HITPOINT WARNING * * *
Okay, then.
As you read the scroll labelled XUULEPP ACHU, it crumbles to dust.
You hear a loud clanging noise!
It was a scroll of noise.
You hear a shout! x3
Your gnoll skeleton hits the gnoll but does no damage.
The gnoll hits you from afar with a +0 spear.
* * * LOW HITPOINT WARNING * * *
Your magical contamination has completely faded away.
Your gnoll skeleton hits the gnoll.
As you read the scroll labelled KEMOUCROETO, it crumbles to dust.
The creatures around you are filled with an inner flame!
It was a scroll of immolation.
Your gnoll skeleton hits the gnoll.
Flame seeps out of the gnoll.
The gnoll hits you from afar with a +0 spear.
You die...

## #. #g #g #.
########
.###.#.#####......#
.....Zggg.@#......#
.###.#.###.#.)....####
#.#..............
#..............#
#...#.#......#.
.......#.#......#
.......#.#......#
.......#.#......#.#
.##.#..#.#......#.####


You could see 3 gnolls and a friendly gnoll skeleton (inner flame).

Vanquished Creatures
  A gnoll (D:2)
  2 dart slugs (D:1)
  2 bats (D:1)
  3 endoplasms
  4 goblins (D:1)
  3 hobgoblins (D:1)
  A quokka (D:1)
  2 frilled lizards
  A kobold (D:2)
  2 rats (D:1)
21 creatures vanquished.

Vanquished Creatures (collateral kills)
  A rat (D:1)
1 creature vanquished.

Grand Total: 22 creatures vanquished

Notes
Turn   | Place    | Note
-------+----------+-------------------------------------------
     0 | D:1      | Fortress the Demonspawn Necromancer began the quest for the
                  | Orb.
     0 | D:1      | Reached XP level 1. HP: 13/13 MP: 3/3
   341 | D:1      | Gained mutation: Your demonic aura sometimes causes spilled
                  | blood to erupt in flames. [demonic ancestry]
   341 | D:1      | Reached XP level 2. HP: 5/19 MP: 1/5
   587 | D:1      | Found Wiwogit's Magic Scroll Boutique.
   764 | D:1      | Reached skill level 5 in Necromancy
  1435 | D:1      | Bought a scroll of identify for 22 gold pieces
  1537 | D:2      | Gained mutation: You regenerate a little health from kills.
                  | [demonic ancestry]
  1537 | D:2      | Reached XP level 3. HP: 14/25 MP: 6/6
  1541 | D:2      | Slain by a gnoll

Illustrated notes

Levels and vault maps discovered:
D:1:      mrwooster_arrival_arrow, layout_basic, serial_shops, shop
D:2:      layout_basic, ebering_ecumenical_altar_sacrificial

Skill      XL: |  1  2 |
---------------+-------+-----
Necromancy     | 5 |  5.2
Fighting       | |  0.4
Dodging        | |  1.7
Stealth        | |  1.9
Spellcasting   | |  2.3

Action                     || total
---------------------------++-------
  Melee: Unarmed           ||    19
         Dagger            ||    37
   Cast: Necrotise         ||    22
    Use: Scroll            ||     2
   Stab: Sleeping          ||     3
 Armour: Leather armour    ||    13
  Dodge: Dodged            ||    34
